Map: 永恒帝国-天梯版

Players

苏州孙一峰 - Winner!

  • Race: Terran Terran
  • League: Grandmaster

命运注定如此

  • Race: Protoss Protoss
  • League: Master

VOD

Have the link to the VOD?

Description

Time

  • Played on: Sept. 2, 2020, 11:26 a.m.
  • Length: 3:55
Show
View Real Time Build Order
Export as new Build Order

苏州孙一峰 Terran - Winner!

Build Orders:  

Get SALT Encoding   

  12  0:00  SCV  
  13  0:12  SCV  
  14  0:17  Supply Depot  
  14  0:26  SCV  
  15  0:41  Barracks  
  15  0:44  Refinery  
  15  0:55  Barracks  
  15  0:59  SCV  
  16  1:11  SCV  
  17  1:23  SCV  
  18  1:28  Marine  
  19  1:39  SCV  
  20  1:41  Barracks Tech Lab  
  20  1:42  Barracks  
  20  1:47  Barracks Tech Lab  
  20  1:58  Supply Depot  
  20  2:00  Marauder  
  22  2:01  Concussive Shells  
  22  2:20  Marauder  
  22  2:21  Marauder  
  26  2:29  Marine  
  26  2:30  Supply Depot  
  27  2:40  SCV  
  27  2:41  Marauder  
  30  2:50  Marine  
  31  2:52  Marauder  
  33  3:05  Marauder  
  35  3:08  Marine  
  36  3:18  Marine  
Show
View Real Time Build Order
Export as new Build Order

命运注定如此 Protoss 

Build Orders: 1 Gate Expand 

Get SALT Encoding   

  12  0:00  Probe  
  13  0:12  Probe  
  14  0:17  Pylon  
  14  0:24  Probe  
  15  0:36  Probe (Chrono Boost)  
  15  0:38  Gateway  
  16  0:47  Assimilator, Probe (Chrono Boost)  
  17  0:52  Probe (Chrono Boost)  
  18  1:03  Probe  
  19  1:15  Probe  
  20  1:25  Cybernetics Core  
  20  1:34  Nexus  
  20  1:38  Probe  
  21  1:44  Pylon  
  21  1:50  Probe  
  21  1:54  Assimilator  
  23  2:01  Sentry (Chrono Boost)  
  23  2:02  Probe  
  24  2:13  Warp Gate  
  24  2:14  Probe  
  25  2:22  Adept  
  25  2:26  Probe  
  28  2:41  Probe (Chrono Boost)  
  29  2:46  Probe (Chrono Boost)  
  29  2:49  Twilight Council  
  31  2:56  Probe x2 (Chrono Boost)  
  32  2:59  Robotics Facility  
  32  3:03  Gateway, Probe  
  33  3:06  Probe  
  34  3:14  Shield Battery  
  34  3:15  Probe  
  34  3:19  Gateway  
  35  3:22  Stalker (Chrono Boost)  
  37  3:27  Pylon  
  37  3:38  Shield Battery  
  37  3:40  Shield Battery  
Tags
 
Add a new tag
Caveats
  • Supply blocks, unpowered buildings, or Contaminate may cause inaccurate times.
  • Supply counts are checked every 10 seconds.